 Dungeon Crawl Stone Soup version 0.17-a0-1939-ga475588 (webtiles) character file.

79 Holeefuk the Slasher (level 4, 0/35 HPs)
             Began as a Formicid Fighter on Sept 29, 2015.
             Slain by an adder (2 damage)
             ... on level 2 of the Dungeon on Sept 30, 2015.
             The game lasted 00:03:01 (1046 turns).

Holeefuk the Slasher (Formicid Fighter)             Turns: 1046, Time: 00:03:01

Health: 0/35       AC:  6    Str: 21    XL:     4   Next: 64%
Magic:  4/4        EV:  8    Int:  8    God:
Gold:   75         SH:  9    Dex: 10    Spells: 0 memorised, 3 levels left

rFire  + . .     SeeInvis +     a - +0 long sword
rCold  x . .     Clarity  .     b - +0 scale mail
rNeg   . . .     SustAt   .     c - +0 shield
rPois  .         Gourm    .     (helmet unavailable)
rElec  .         Spirit   .     (no cloak)
rCorr  .         Warding  .     (no gloves)
rMut   .         Stasis   +     (no boots)
MR     .....                    (no amulet)
Stlth  ..........               (no ring)
                                r - ring of fire

@: not resistant to hostile enchantments, extremely unstealthy
A: permanent stasis, dig shafts and tunnels, four strong arms, antennae 3
a: Dig, Shaft Self


You were on level 2 of the Dungeon.
You were very hungry.

You visited 1 branch of the dungeon, and saw 2 of its levels.

You collected 75 gold pieces.

Inventory:

Hand weapons
 a - a +0 long sword (weapon)
Armour
 b - a +0 scale mail (worn)
 c - a +0 shield (worn)
Jewellery
 r - a ring of fire (left hand)
Scrolls
 f - a scroll of magic mapping {unknown}
 g - a scroll of teleportation {unknown}
 h - a scroll of noise {unknown}
 i - 3 scrolls of fog {unknown}
 j - 2 scrolls of recharging {unknown}
 k - a scroll of amnesia {unknown}
 l - a scroll of remove curse {unknown}
 p - a scroll of identify {unknown}
Potions
 d - a potion of might
Comestibles
 e - 3 bread rations
 m - a royal jelly
 n - a beef jerky
 q - a meat ration


   Skills:
 - Level 3.2 Fighting
 * Level 3.7 Long Blades
 - Level 3.2 Armour
 - Level 2.0 Dodging
 - Level 3.6 Shields


You had 3 spell levels left.
You didn't know any spells.

Dungeon Overview and Level Annotations

Branches:
Dungeon (2/15)

Altars:


Innate Abilities, Weirdness & Mutations

You are under a permanent stasis effect.
You can dig through walls and to a lower floor.
Your four strong arms can wield two-handed weapons with a shield.
You have a pair of large antennae on your head (SInv).


Message History

You hit the adder but do no damage. You block the adder's attack.
The adder bites you but does no damage.
You closely miss the adder. You block the adder's attack.
You slash the adder!
The adder is severely wounded.
You block the adder's attack. The adder bites you.
* * * LOW HITPOINT WARNING * * *
It was a potion of cancellation.
You feel magically purged.
You are feeling very hungry.
The adder bites you but does no damage.
You miss the adder.
The adder is severely wounded.
The adder bites you but does no damage. You block the adder's attack.
You closely miss the adder.
The adder is severely wounded.
The adder bites you but does no damage. The adder closely misses you.
You closely miss the adder.
The adder is severely wounded.
The adder bites you.
You die...

#####{# #. .#
#.{..§# ##.# ..
#.##### ##...# #.
#.# ##..... #.
#.#######...... {
#. #.5............
......#..
#.###.#######......
..#. .#.. #.#S#.#
##....> .... ...
#.@#§h# ##.... #..
#.# #.###.# #####
#..#.## #.# #.#
#..#..####.###.#
#.............)#
#..............#
#...#.####.#####
#####.# #.# #.# #.#


You could see an adder.

Vanquished Creatures
  Natasha (D:2)
  Robin (D:2)
  An adder (D:2)
  An ooze (D:1)
  3 giant cockroaches (D:1)
  6 hobgoblins
  A quokka (D:2)
  A bat (D:1)
  A giant gecko (D:2)
  A giant newt (D:1)
  10 goblins
  4 kobolds (D:1)
  2 rats (D:1)
33 creatures vanquished.

Notes
Turn   | Place    | Note
--------------------------------------------------------------
     0 | D:1      | Holeefuk the Formicid Fighter began the quest for the Orb.
     0 | D:1      | Reached XP level 1. HP: 18/18 MP: 1/1
   223 | D:1      | Reached skill level 1 in Dodging
   253 | D:1      | Reached XP level 2. HP: 24/24 MP: 2/2
   715 | D:1      | Reached XP level 3. HP: 27/29 MP: 3/3
   928 | D:2      | Noticed Robin
   940 | D:2      | Killed Robin
   975 | D:2      | Reached XP level 4. HP: 26/35 MP: 4/4
  1000 | D:2      | Noticed Natasha
  1028 | D:2      | Killed Natasha
  1042 | D:2      | HP: 1/35 [adder (4)]
  1046 | D:2      | Slain by an adder

Vault maps used:
D:1:      saegor_arrival_simple_c
D:2:      nemelex_spade_bored_becter, uniq_robin, uniq_natasha

Action                   |  1- 3 |  4- 6 || total
-------------------------+-------+-------++-------
Melee: Long sword        |    96 |    31 ||   127
 Abil: Dig               |     1 |     1 ||     2
  Use: Potion            |       |     1 ||     1
